AoeStats
← QNa_NguaHoang

Black Forest

505615340Analyzed
4v4 RM · 21d ago on Sep 10, 2026· 33m 6s· 8 players
Game mode
Random Map
Map size
Large (8 player)
Population
200
Speed
Normal
Resources
Standard
Victory
Conquest
Starting age
Dark Age
Ending age
Imperial Age
RankedLock teamsTeams togetherTeam positionsShared explorationLock speedFull tech treeHidden civsTurbo modeCheats
Victory
Defeat
🇻🇳 Ethiopians · Vietnam
1230
+12
🇻🇳 Bohemians · Vietnam
1158
+15
🇻🇳 Italians · Vietnam
1122
+16
🇺🇸 Spanish · United States
1119
+22
🇮🇹 Japanese · Italy
1190
-17
🇷🇴 Celts · Romania
1184
-18
🇺🇸 Hindustanis · United States
1143
-15
🇵🇱 Poles · Poland
1020
-10
CedarBongo4397
1:42 Loom
11:22 Feudal Age
12:37 Double-Bit Axe
13:56 Fishing Lines
21:39 Castle Age
21:21 Stone Mining
21:26 Gold Mining
21:55 Horse Collar
22:39 Bow Saw
22:28 Gillnets
27:43 Imperial Age
26:59 Bloodlines
27:01 Padded Archer Armor
29:26 Wheelbarrow
28:54 Husbandry
29:10 Leather Archer Armor
29:56 Conscription
30:25 Heavy Plow
31:47 Hand Cart
33:16 Ring Archer Armor
Công An Xã
0:42 Loom
15:04 Feudal Age
17:00 Double-Bit Axe
18:48 Fishing Lines
21:40 Castle Age
23:06 Gillnets
24:28 Fletching
27:01 Bow Saw
28:34 Treadmill Crane
29:46 Bodkin Arrow
30:02 Forging
29:52 Scale Mail Armor
29:53 Padded Archer Armor
29:59 Scale Barding Armor
32:38 Imperial Age
31:15 Thumb Ring
QNa_NguaHoang
2:30 Loom
12:15 Feudal Age
16:16 Castle Age
15:12 Double-Bit Axe
15:36 Horse Collar
17:12 Wheelbarrow
17:36 Bow Saw
17:36 Heavy Plow
18:43 Hand Cart
20:59 Stone Mining
23:16 Gold Mining
24:39 Stone Shaft Mining
25:53 Gold Shaft Mining
29:55 Imperial Age
29:01 Fletching
29:11 Padded Archer Armor
28:36 Crossbowman
29:52 Thumb Ring
29:50 Bodkin Arrow
30:52 Ballistics
31:00 Conscription
31:09 Leather Archer Armor
31:57 Chemistry
30:20 Arbalester
31:07 Squires
30:55 Arson
31:24 Bracer
32:39 Two-Man Saw
Lam
1:11 Loom
13:34 Feudal Age
17:38 Castle Age
16:26 Double-Bit Axe
16:24 Horse Collar
18:14 Wheelbarrow
18:54 Bow Saw
27:19 Heavy Plow
33:08 Imperial Age
31:08 Hand Cart
31:33 Fletching
31:43 Padded Archer Armor
31:56 Forging
31:46 Scale Mail Armor
32:57 Chemistry
32:19 Ballistics
32:01 Pikeman
32:41 Squires
32:27 Arson
33:34 Iron Casting
32:59 Murder Holes
°๖Blaze
5:30 Loom
12:15 Feudal Age
15:57 Castle Age
14:10 Double-Bit Axe
14:23 Horse Collar
17:11 Wheelbarrow
23:27 Bow Saw
23:10 Gold Mining
25:56 Heavy Plow
30:45 Imperial Age
28:32 Hand Cart
28:53 Padded Archer Armor
29:43 Gold Shaft Mining
28:58 Stone Mining
30:55 Leather Archer Armor
30:48 Scale Barding Armor
30:56 Forging
32:09 Ring Archer Armor
32:41 Chemistry
32:02 Ballistics
32:43 Chain Barding Armor
giancarlo7
11:11 Feudal Age
12:49 Wheelbarrow
12:04 Double-Bit Axe
12:37 Man-at-Arms
20:41 Castle Age
18:54 Stone Mining
18:58 Gold Mining
19:38 Forging
19:31 Scale Mail Armor
20:25 Scale Barding Armor
22:18 Bow Saw
24:02 Hand Cart
31:51 Imperial Age
30:50 Iron Casting
31:07 Fortified Wall
32:04 Szlachta Privileges
MCMLXX
0:53 Loom
14:28 Feudal Age
15:37 Double-Bit Axe
22:06 Castle Age
19:57 Horse Collar
20:16 Fishing Lines
20:49 Gold Mining
21:42 Stone Mining
23:27 Caravan
26:05 Bow Saw
33:17 Imperial Age
31:44 Fletching
33:10 Wheelbarrow
33:25 Bodkin Arrow
time0wner
1:21 Loom
14:38 Feudal Age
14:39 Man-at-Arms
15:11 Arson
17:25 Double-Bit Axe
24:17 Castle Age
Connection lost

Rejoining the realm…

Still unreachable

The connection could not be restored.

Session expired

The server has moved on; the page needs a fresh start.